 Dungeon Crawl Stone Soup version 0.28.0-53-g5a82cb258f (webtiles) character file.

Game seed: 2708918441486676083

345 Ashen the Ogre Mage (level 6, -2/59 HPs)
             Began as an Ogre Hedge Wizard on Aug 17, 2022.
             Was an Initiate of Vehumet.
             Slain by an iguana (13 damage)
             ... on level 5 of the Dungeon.
             The game lasted 00:15:45 (5912 turns).

Ashen the Ogre Mage (Ogre Hedge Wizard)             Turns: 5912, Time: 00:15:45

Health: -2/59      AC:  3    Str: 21    XL:     6   Next: 58%
Magic:  6/12       EV: 10    Int: 17    God:    Vehumet [......]
Gold:   155        SH:  0    Dex:  8    Spells: 4/13 levels left

rFire   . . .      SeeInvis .   o - +1 dagger (venom)
rCold   . . .      Faith    .   (no shield)
rNeg    . . .      Spirit   .   b - +0 robe
rPois   .          Reflect  .   c - +0 hat
rElec   .          Harm     .   (no cloak)
rCorr   +          Rampage  .   (gloves unavailable)
Will    .....                   (boots unavailable)
Stlth   ++........              (no amulet)
HPRegen 0.19/turn               e - +6 ring of strength
MPRegen 0.13/turn               i - ring of resist corrosion

@: on blink cooldown
A: large, unfitting armour, tough skin 1
a: Renounce Religion


You were on level 5 of the Dungeon.
You worshipped Vehumet.
Vehumet was noncommittal.
You visited 2 branches of the dungeon, and saw 6 of its levels.

You collected 155 gold pieces.

Inventory:

Hand Weapons
 h - a +0 whip
 l - a +0 mace
 o - a +1 dagger of venom (weapon)
Armour
 b - a +0 robe (worn)
 c - a +0 hat (worn)
Jewellery
 e - a +6 ring of strength (left hand)
 i - a ring of resist corrosion (right hand)
 u - a ring of fire
Wands
 m - a wand of charming (16)
 n - a wand of polymorph (4)
 y - a wand of iceblast (9)
Scrolls
 f - 2 scrolls of teleportation {unknown}
 g - 2 scrolls of identify {unknown}
 p - a scroll of vulnerability {unknown}
 r - a scroll of brand weapon {unknown}
 s - 2 scrolls of immolation {unknown}
 v - a scroll of enchant armour {unknown}
 x - a scroll of acquirement {unknown}
Potions
 a - a potion of cancellation {unknown}
 d - a potion of berserk rage {unknown}
 j - a potion of curing
 k - a potion of attraction {unknown}
 q - 3 potions of heal wounds {unknown}
 t - a potion of flight {unknown}
 w - a potion of might {unknown}


   Skills:
 + Level 2.7 Fighting
 + Level 1.5 Maces & Flails
 + Level 2.7 Dodging
 + Level 2.2 Stealth
 + Level 4.4 Spellcasting
 + Level 2.1 Conjurations
 + Level 2.1 Summonings
 + Level 2.1 Translocations


You had 4 spell levels left.
You knew the following spells:

 Your Spells              Type           Power      Damage    Failure   Level
a - Magic Dart            Conj           44%        1d5       6%          1
b - Blink                 Tloc           22%        N/A       10%         2
c - Call Imp              Summ           10%        N/A       10%         2
d - Mephitic Cloud        Conj/Pois/Air  6%         N/A       32%         3
e - Slow                  Hex            12%        N/A       16%         1

Your spell library contained the following spells:

 Spells                   Type           Power      Damage    Failure   Level
 Lesser Beckoning         Tloc           11%        N/A       19%         3
 Conjure Flame            Conj/Fire      7%         6-21      28%         3
 Manifold Assault         Tloc           11%        N/A       86%         5


Dungeon Overview and Level Annotations

Branches:
Dungeon (5/15)             Temple (1/1) D:4

Altars:
Ashenzari
Cheibriados
Dithmenos
Elyvilon
Hepliaklqana
Kikubaaqudgha
Makhleb
Nemelex Xobeh
Okawaru
Ru
Sif Muna
Trog
Vehumet
Wu Jian
Yredelemnul
The Shining One

Annotations:
D:3 2 runed translucent doors, jombi's ghost, weakling DrTm
D:4 2 runed translucent doors, exclusion: 2 doors, mandor's ghost, amateur DjFE


Innate Abilities, Weirdness & Mutations

You are too large for most types of armour.
You have tough skin. (AC +1)


Message History

You hit the hound.
The hound is poisoned.
The hound is lightly wounded.
The hound is engulfed in noxious fumes.
The hound appears confused.
The hound closely misses you.
The hound is engulfed in noxious fumes.
The hound appears confused.
The hound bites the iguana but does no damage.
You hit the hound but do no damage.
The hound is engulfed in noxious fumes.
The hound appears confused.
You hit the hound.
The hound looks as sick as possible!
The hound is moderately wounded.
The hound is engulfed in noxious fumes.
The hound appears confused.
The hound barely misses you.
You barely miss the iguana. The iguana bites you.
You hit the iguana but do no damage.
The iguana is poisoned.
You kill the hound!
Vehumet accepts your kill. The iguana bites you!
You hit the iguana.
The iguana is lightly wounded.
The iguana bites you!
You barely miss the iguana.
The iguana is lightly wounded.
The iguana bites you!
You closely miss the iguana.
The iguana is moderately wounded.
The iguana bites you!
* * * LOW HITPOINT WARNING * * *
Casting: Mephitic Cloud (dangerous; 32% risk of failure)
Confirm with . or Enter, or press ? or * to list all spells.
You blink.
The iguana bites you.
* * * LOW HITPOINT WARNING * * *
Casting: Blink (safe; 10% risk of failure)
Confirm with . or Enter, or press ? or * to list all spells.
A metallic apparition takes form in the air.
The iguana bites you.
* * * LOW HITPOINT WARNING * * *
It was a potion of curing.
You feel better. The iguana bites you.
* * * LOW HITPOINT WARNING * * *
You feel better.
The iguana looks more healthy.
The iguana bites you!
You die...

.... ...
....#############....
#...................
#...................
#...................
+...................
##########.....5..........)..
.........######l######+######
.........'......@.+
.........#........#
..<......#........#
.........##########
##########


You could see an iguana (ally target) and a friendly iron imp (summoned).

Vanquished Creatures
  A bullfrog (D:2)
  2 hounds
  Ijyb (D:3)
  An orc wizard (D:4)
  A hound skeleton (D:2)
  Robin (D:3)
  6 adders
  An ufetubus (D:4)
  2 dart slugs
  2 orcs (D:4)
  3 endoplasms
  6 giant cockroaches
  13 hobgoblins
  4 jackals
  7 kobolds
  2 quokkas
  6 ball pythons
  3 bats
  4 frilled lizards
  11 goblins
  2 rats (D:3)
79 creatures vanquished.

Vanquished Creatures (others)
  An orc (D:4)
1 creature vanquished.

Grand Total: 80 creatures vanquished

Notes
Turn   | Place    | Note
-------+----------+-------------------------------------------
     0 | D:1      | Ashen the Ogre Hedge Wizard began the quest for the Orb.
     0 | D:1      | Reached XP level 1. HP: 16/16 MP: 5/5
   296 | D:1      | Reached skill level 1 in Summonings
   350 | D:1      | Reached skill level 1 in Conjurations
   350 | D:1      | Reached skill level 1 in Translocations
   757 | D:1      | Reached XP level 2. HP: 14/24 MP: 2/6
  1152 | D:1      | Found a faded altar of an unknown god.
  1569 | D:2      | Reached XP level 3. HP: 31/32 MP: 5/8
  1847 | D:2      | Reached skill level 1 in Fighting
  2138 | D:2      | Reached skill level 4 in Spellcasting
  2138 | D:2      | Reached XP level 4. HP: 31/41 MP: 5/10
  2894 | D:3      | Found a large runed translucent door.
  2894 | D:3      | Found a large runed translucent door.
  3219 | D:3      | Noticed jombi's ghost (weakling DrTm)
  3279 | D:3      | Found a large runed translucent door.
  3280 | D:3      | Found a large runed translucent door.
  3306 | D:3      | Noticed Ijyb
  3351 | D:2      | Learned a level 2 spell: Blink
  3354 | D:2      | Learned a level 2 spell: Call Imp
  3358 | D:2      | Learned a level 3 spell: Mephitic Cloud
  3360 | D:2      | Learned a level 1 spell: Slow
  3377 | D:3      | Killed Ijyb
  3378 | D:3      | Reached skill level 1 in Maces & Flails
  3378 | D:3      | Reached XP level 5. HP: 49/49 MP: 11/11
  3812 | D:3      | Noticed Robin
  4130 | D:3      | Killed Robin
  4131 | D:3      | Reached XP level 6. HP: 41/59 MP: 12/12
  4740 | D:3      | Found a radiant altar of Vehumet.
  4756 | D:3      | Found an iron altar of Okawaru.
  4773 | D:3      | Became a worshipper of Vehumet
  4913 | D:4      | Found a snail-covered altar of Cheibriados.
  5044 | D:4      | Identified the +3 leather armour "Haleel" {+Blink}
  5078 | D:4      | Found a staircase to the Ecumenical Temple.
  5086 | Temple   | Entered the Ecumenical Temple
  5098 | D:4      | Found a large runed translucent door.
  5098 | D:4      | Found a large runed translucent door.
  5102 | D:4      | Noticed mandor's ghost (amateur DjFE)
  5387 | D:4      | Found a shimmering blue altar of Sif Muna.
  5869 | D:5      | Entered Level 5 of the Dungeon
  5910 | D:5      | HP: 1/59 [iguana (5)]
  5912 | D:5      | Slain by an iguana

Illustrated notes

Levels and vault maps discovered:
D:1:      dpeg_arrival_boxes_within_box, layout_basic,
          shapermc_ecumenical_altar_ellora
D:2:      layout_loops_ring
D:3:      layout_loops_cross, jmf_multi_god_temple2,
          ebering_ghost_disaster_area, kennysheep_pointless_box, uniq_robin,
          uniq_ijyb
D:4:      layout_rooms, kennysheep_slug_shrine, kennysheep_mini,
          minmay_temple_entry_junction, ebering_ghost_disaster_area,
          lemuel_old_faithful
D:5:      layout_gridville, uniq_menkaure, uniq_pikel, uniq_grinder,
          uniq_sigmund
Temple:   nicolae_temple_no_exploring_needed

Skill      XL: |  1  2  3  4  5  6 |
---------------+-------------------+-----
Summonings     | 1 2 |  2.1
Conjurations   | 1 2 |  2.1
Translocations | 1 2 |  2.1
Dodging        | 2 |  2.7
Fighting       | 1 2 |  2.7
Spellcasting   | 4 |  4.4
Maces & Flails | 1 |  1.5
Stealth        | 2 |  2.2

Action                   |  1- 3 |  4- 6 || total
-------------------------+-------+-------++-------
Melee: Dagger            |    18 |    90 ||   108
       Whip              |     9 |     2 ||    11
       Punch             |     1 |     1 ||     2
       Unarmed           |       |    13 ||    13
 Cast: Magic Dart        |    78 |    77 ||   155
       Blink             |       |     5 ||     5
       Mephitic Cloud    |       |     3 ||     3
       Call Imp          |       |     3 ||     3
  Use: Potion            |       |     2 ||     2
 Stab: Sleeping          |       |     1 ||     1
Armor: Robe              |    21 |    41 ||    62
       Skin              |       |     1 ||     1
Dodge: Dodged            |    25 |    82 ||   107
